AoeStats
← ZZZenzLA

Arena

508675011Analyzed
3v3 RM · 10d ago on Sep 23, 2026· 70m 28s· 6 players
Game mode
Random Map
Map size
Normal (6 player)
Population
200
Speed
Normal
Resources
Standard
Victory
Conquest
Starting age
Dark Age
Ending age
Imperial Age
RankedLock teamsTeams togetherTeam positionsShared explorationLock speedFull tech treeHidden civsTurbo modeCheats
Victory
Defeat
🇩🇿 Hindustanis · Algeria
1130
+16
🇩🇿 Turks · Algeria
1130
+16
🇩🇿 Burgundians · Algeria
1130
+16
🇩🇪 Huns · Germany
1185
-17
🇨🇳 Persians · China
1172
-18
🇻🇳 Khmer · Vietnam
1064
-13
ZZZenzLA
11:14 Feudal Age
13:05 Double-Bit Axe
15:57 Castle Age
20:05 Imperial Age
18:48 Loom
30:49 Padded Archer Armor
30:34 Horse Collar
33:20 Leather Archer Armor
38:29 Ring Archer Armor
40:06 Scale Barding Armor
40:11 Forging
42:10 Husbandry
42:20 Bloodlines
42:46 Chain Barding Armor
44:41 Iron Casting
44:42 Plate Barding Armor
48:05 Blast Furnace
48:28 Heavy Camel Rider
49:29 Murder Holes
49:45 Fortified Wall
49:56 Ballistics
50:02 Heavy Plow
50:20 Bow Saw
50:01 Gold Mining
50:37 Fletching
53:20 Wheelbarrow
52:30 Town Watch
55:35 Bodkin Arrow
57:24 Two-Man Saw
57:53 Masonry
57:24 Treadmill Crane
58:39 Hand Cart
58:24 Town Patrol
62:56 Architecture
62:49 Conscription
62:50 Sipahi
62:31 Artillery
zeides
11:02 Feudal Age
12:20 Wheelbarrow
11:34 Double-Bit Axe
13:00 Horse Collar
16:57 Castle Age
17:09 Stone Mining
17:54 Bow Saw
22:40 Fortified Wall
23:49 Hand Cart
25:41 Bloodlines
25:32 Husbandry
26:23 Husbandry
26:49 Gold Mining
31:06 Imperial Age
28:51 Forging
28:46 Scale Barding Armor
29:00 Elite Skirmisher
33:02 Chemistry
37:11 Light Cavalry
51:55 Pikeman
52:35 Squires
55:45 Iron Casting
59:02 Blast Furnace
58:22 Chain Barding Armor
61:13 Fletching
61:23 Padded Archer Armor
70:03 Bodkin Arrow
70:24 Leather Archer Armor
psyko
11:16 Feudal Age
10:41 Double-Bit Axe
15:40 Castle Age
15:47 Cavalier
16:27 Husbandry
18:35 Scale Barding Armor
18:41 Forging
20:00 Horse Collar
23:39 Wheelbarrow
23:37 Heavy Plow
27:07 Pikeman
27:47 Squires
28:10 Chain Barding Armor
27:50 Scale Mail Armor
28:00 Loom
29:13 Bow Saw
29:06 Arson
30:56 Chain Mail Armor
32:54 Iron Casting
35:44 Crop Rotation
39:00 Man-at-Arms
40:08 Hand Cart
48:19 Imperial Age
48:03 Two-Man Saw
46:55 Fletching
47:05 Padded Archer Armor
46:50 Treadmill Crane
47:24 Fortified Wall
47:33 Masonry
48:49 Ballistics
50:09 Chemistry
48:49 Onager
51:40 Bodkin Arrow
52:00 Leather Archer Armor
52:21 Plate Barding Armor
52:17 Plate Mail Armor
52:47 Blast Furnace
52:29 Town Watch
57:52 Flemish Revolution
64:37 Halberdier
panzervogel
11:27 Feudal Age
12:23 Horse Collar
12:36 Double-Bit Axe
17:23 Castle Age
16:45 Gold Mining
18:20 Stone Mining
18:34 Husbandry
19:54 Bow Saw
22:21 Forging
22:32 Heavy Plow
23:45 Scale Barding Armor
25:58 Loom
26:50 Wheelbarrow
28:07 Hand Cart
Trin Hoa An
11:48 Feudal Age
15:16 Castle Age
13:05 Double-Bit Axe
13:02 Horse Collar
13:58 Gold Mining
16:08 Wheelbarrow
16:52 Bow Saw
19:16 Loom
21:41 Town Watch
27:53 Imperial Age
25:50 Stone Mining
26:46 Heavy Plow
27:06 Hand Cart
27:18 Fletching
27:28 Padded Archer Armor
28:32 Gold Shaft Mining
29:08 Stone Shaft Mining
29:28 Bodkin Arrow
29:48 Leather Archer Armor
30:40 Bracer
30:55 Leather Archer Armor
31:00 Heavy Scorpion
31:07 Pikeman
33:58 Arson
35:26 Double Crossbow
36:12 Halberdier
36:55 Scale Mail Armor
37:06 Forging
37:45 Onager
38:03 Elite Ballista Elephant
40:33 Bloodlines
40:23 Husbandry
41:12 Elite Battle Elephant
44:16 Light Cavalry
45:58 Conscription
47:24 Iron Casting
47:04 Chain Mail Armor
46:58 Scale Barding Armor
46:41 Hussar
48:52 Ring Archer Armor
49:22 Blast Furnace
47:49 Elite Skirmisher
48:48 Chain Mail Armor
49:05 Crop Rotation
50:54 Tusk Swords
50:35 Capped Ram
51:41 Siege Ram
54:24 Siege Engineers
55:20 Chemistry
64:47 Hoardings
64:59 Chain Barding Armor
帅死八个人
10:02 Feudal Age
13:43 Castle Age
12:01 Double-Bit Axe
12:23 Horse Collar
15:14 Bow Saw
23:08 Heavy Plow
25:46 Wheelbarrow
25:35 Scale Barding Armor
25:40 Forging
29:29 Imperial Age
27:33 Husbandry
27:44 Bloodlines
28:10 Chain Barding Armor
28:26 Iron Casting
28:55 Pikeman
29:36 Squires
29:21 Arson
29:33 Gold Mining
30:08 Conscription
29:46 Stone Mining
29:21 Cavalier
31:40 Plate Barding Armor
32:06 Blast Furnace
31:06 Scale Mail Armor
31:20 Savar
32:51 Gold Shaft Mining
32:52 Stone Shaft Mining
34:29 Elite Skirmisher
38:16 Chemistry
38:39 Padded Archer Armor
38:30 Fletching
47:51 Bodkin Arrow
67:52 Heavy Camel Rider
69:40 Ballistics
Connection lost

Rejoining the realm…

Still unreachable

The connection could not be restored.

Session expired

The server has moved on; the page needs a fresh start.